 Dungeon Crawl Stone Soup version 0.30-a0-341-g682706514a (webtiles) character file.

Game seed: 3749135312532941227

921 KennySheep the Shooter (level 7, 0/57 HPs)
             Began as a Demigod Hunter on Nov 1, 2022.
             Slain by Maggie
             ... wielding a +2 vorpal halberd
              (5 damage)
             ... on level 6 of the Dungeon.
             The game lasted 00:16:39 (4938 turns).

KennySheep the Shooter (Demigod Hunter)             Turns: 4938, Time: 00:16:40

Health: 0/57       AC: 18    Str: 12    XL:     7   Next: 54%
Magic:  10/13      EV: 10    Int: 24    God:
Gold:   264        SH:  5    Dex: 21    Spells: 8/10 levels left

rFire   . . .      SeeInvis .    b - +2 dagger (venom)
rCold   . . .      Faith    .    (no shield)
rNeg    . . .      Spirit   .    s - +10 scale mail of Greed {Int+9}
rPois   .          Reflect  +    y - +0 helmet
rElec   .          Harm     .    F - +0 cloak
rCorr   .          Rampage  .    (no gloves)
Will    .....                    (no boots)
Stlth   +.........               d - amulet of reflection
HPRegen 0.29/turn                (no ring)
MPRegen 0.13/turn                (no ring)

@: very slightly contaminated
A: high MP 1, forlorn, divine attributes
a: no special abilities


You were on level 6 of the Dungeon.
You visited 1 branch of the dungeon, and saw 6 of its levels.
You also visited: Sewer.

You collected 264 gold pieces.

Inventory:

Hand Weapons
 a - a +0 shortbow
 b - a +2 dagger of venom (weapon)
Missiles
 x - 2 datura-tipped darts (quivered)
Armour
 s - the +10 scale mail of Greed (worn) {Int+9}
   (You found it on level 3 of the Dungeon)

   Int:       It affects your intelligence (+9).
 y - a +0 helmet (worn)
 F - a +0 cloak (worn)
Jewellery
 d - an amulet of reflection (around neck)
Wands
 B - a wand of mindburst (16)
Scrolls
 k - a scroll of enchant armour
 m - a scroll of immolation
 A - a scroll of vulnerability
 D - a scroll of noise
 E - a scroll of brand weapon
Potions
 c - 2 potions of flight
 h - a potion of berserk rage
 l - 2 potions of curing
 n - a potion of resistance {unknown}
 o - a potion of ambrosia
 p - a potion of attraction {unknown}
 q - a potion of mutation {unknown}
 v - 2 potions of haste {unknown}
 w - a potion of might
 z - 2 potions of heal wounds
 C - 2 potions of brilliance {unknown}


   Skills:
 + Level 3.4 Fighting
 * Level 5.6 Ranged Weapons
 + Level 2.5 Armour
 + Level 3.4 Dodging
 - Level 1.2 Stealth
 + Level 2.0 Spellcasting
 * Level 3.5 Translocations


You had 8 spell levels left.
You knew the following spells:

 Your Spells              Type           Power      Damage    Failure   Level
a - Blink                 Tloc           38%        N/A       22%         2

Your spell library contained the following spells:

 Spells                   Type           Power      Damage    Failure   Level
 Apportation              Tloc           38%        N/A       14%         1
 Lesser Beckoning         Tloc           38%        N/A       38%         3
 Momentum Strike          Conj/Tloc      20%        3d8       41%         2
 Alistair's Intoxication  Tmut/Pois      1%         N/A       100%        5


Dungeon Overview and Level Annotations

Branches:
Dungeon (6/15)             Temple (0/1) D:4           Sewer (visited)

Shops:
D:5 :

Annotations:
D:3 exclusion: door
D:6 Maggie


Innate Abilities, Weirdness & Mutations

You have an increased reservoir of magic. (+10% MP)
You shall have no god before yourself.
Your divine heritage dramatically boosts your attributes as you level up.


Message History

Maggie hits you from afar with a +2 vorpal halberd!
The ice beast hits you but does no damage.
You block the ice beast's attack.
Okay, then.
Throw: 5 darts (datura)
Press: ? - help, Q - select action, (/) - cycle Shift-Dir - straight line, f/p - Maggie
Aim: Maggie, wielding a +2 vorpal halberd and wearing +1 steam dragon scales (mesmerising, 63% to hit, chance to frenzy on hit: 27%)
You throw a datura-tipped dart.
The datura-tipped dart hits the ice beast.
The ice beast resists.
The ice beast is lightly wounded.
Maggie hits you from afar with a +2 vorpal halberd!
The ice beast hits you but does no damage.
You block the ice beast's attack.
Throw: 4 darts (datura)
Press: ? - help, Q - select action, (/) - cycle Shift-Dir - straight line, f/p - Maggie
Aim: Maggie, wielding a +2 vorpal halberd and wearing +1 steam dragon scales (mesmerising, 63% to hit, chance to frenzy on hit: 27%)
You throw a datura-tipped dart.
The datura-tipped dart closely misses the ice beast.
The datura-tipped dart barely misses Maggie.
You break out of your daze.
Maggie drinks a potion.
Maggie seems to grow stronger.
The ice beast hits you but does no damage.
The ice beast misses you.
Throw: 3 darts (datura)
Press: ? - help, Q - select action, (/) - cycle Shift-Dir - straight line, f/p - Maggie
Aim: Maggie, wielding a +2 vorpal halberd and wearing +1 steam dragon scales (strong, 63% to hit, chance to frenzy on hit: 41%)
You throw a datura-tipped dart.
The datura-tipped dart completely misses the ice beast.
The datura-tipped dart closely misses Maggie.
Maggie barely misses you. The ice beast closely misses you.
The ice beast barely misses you.
Casting: Blink (safe; 22% risk of failure)
Confirm with . or Enter, or press ? or * to list all spells.
You miscast Blink.
You are very lightly contaminated with residual magic.
Nothing appears to happen.
Maggie hits you from afar with a +2 vorpal halberd!
* * * LOW HITPOINT WARNING * * *
You die...

.........# *...# #,*#~~≈~~##....
.........####§§☼###.##○○~≈~##....
.........††.☼§§§+..°~☼°§...~~...>
.........####§°°###§§§○§.h.Y≈....
.........####§☼§#☼§°§§§°...≈~....
#.########°§○☼§§☼○#☼°§§○...≈~.##+
..# #§○☼§§@.○°☼☼○○○..~≈÷.#*. .##
#§§§○○YY○§°##~~.~≈##(#*. .#**
****###@§☼°##~~.~~##†#*. ,,,***
#°§§§§§○°°§....".##. **,,,***
#○☼§○######.##.#...$ ***,,,*
#§§☼§# ***#.##.#.... ***,* #○○§○#
*,,.....#.... *,* #☼§°○#
*,***#....... *****,* #○§§○#
*,,,*#....... **,,,*,**** #○○§§#
***,*#?...... *,,,,,,,,,* *,,,,*
*,*#.......


You could see Maggie (strong) and 2 ice beasts.

Vanquished Creatures
  An ice beast (D:6)
  An ogre (D:4)
  A kobold brigand (Sewer)
  A scorpion (D:4)
  3 killer bees (D:5)
  2 orc priests (D:6)
  3 hounds
  An iguana (D:6)
  Terence (D:3)
  An orc wizard (D:3)
  11 adders
  A river rat (D:6)
  2 white imps (D:5)
  2 ufetubi (D:5)
  2 worms
  8 dart slugs
  5 orcs
  8 ball pythons
  8 endoplasms
  4 giant cockroaches
  8 goblins
  7 hobgoblins
  4 jackals
  18 kobolds
  4 quokkas
  4 bats (D:1)
  4 frilled lizards
  8 rats
123 creatures vanquished.

Vanquished Creatures (others)
  2 plants (D:3)
2 creatures vanquished.

Grand Total: 125 creatures vanquished

Notes
Turn   | Place    | Note
-------+----------+-------------------------------------------
     0 | D:1      | KennySheep the Demigod Hunter began the quest for the Orb.
     0 | D:1      | Reached XP level 1. HP: 17/17 MP: 3/3
     8 | D:1      | Reached skill level 1 in Stealth
    89 | D:1      | Reached XP level 2. HP: 24/24 MP: 4/4
   581 | D:1      | Reached skill level 4 in Ranged Weapons
   733 | D:2      | Reached XP level 3. HP: 29/29 MP: 5/5
  1296 | D:3      | Reached XP level 4. HP: 28/36 MP: 6/6
  1345 | D:3      | Reached skill level 1 in Armour
  1350 | D:3      | Noticed Terence
  1378 | D:3      | Killed Terence
  1589 | D:2      | Learned a level 2 spell: Blink
  1758 | D:3      | Reached skill level 1 in Translocations
  2000 | D:3      | Reached XP level 5. HP: 37/42 MP: 8/8
  2133 | D:3      | Identified the +10 scale mail of Greed {Int+9}
  2150 | D:3      | Noticed an ice beast
  2638 | D:4      | Reached skill level 1 in Spellcasting
  2800 | D:4      | Noticed an ogre
  2823 | D:4      | Found a staircase to the Ecumenical Temple.
  2828 | D:4      | Reached XP level 6. HP: 45/50 MP: 10/10
  2851 | D:4      | Reached skill level 5 in Ranged Weapons
  3390 | D:5      | Entered Level 5 of the Dungeon
  3874 | D:5      | Identified the +1 long sword of Light {vorpal, *Slow rF+++
                  | Int-4 Stlth+}
  4113 | D:5      | Reached XP level 7. HP: 57/57 MP: 12/12
  4264 | D:5      | Found Tebyes's Book Shop.
  4482 | D:6      | Noticed Maggie
  4498 | D:6      | Found a glowing drain.
  4528 | Sewer    | Entered a sewer
  4938 | D:6      | Slain by Maggie

Illustrated notes

Levels and vault maps discovered:
D:1:      dpeg_arrival_subterranean_lakeside_camping, layout_loops_ring
D:2:      layout_basic
D:3:      minmay_octagon_keep, layout_loops_ring, serial_bayou_pond_a,
          uniq_terence
D:4:      layout_cave_pods, minmay_temple_entry_junction
D:5:      layout_gridville, nicolae_stop_n_shop_2
D:6:      gammafunk_cloud_chamber, layout_basic, cheibrodos_sewer_entry_sluice,
          uniq_maggie

Skill      XL: |  1  2  3  4  5  6  7 |
---------------+----------------------+-----
Stealth        | 1 |  1.2
Fighting       | 2 3 |  3.4
Dodging        | 2 3 |  3.4
Ranged Weapons | 4 5 |  5.6
Armour         | 1 2 |  2.5
Translocations | 1 2 3 |  3.5
Spellcasting   | 1 2 |  2.0

Action                   |  1- 3 |  4- 6 |  7- 9 || total
-------------------------+-------+-------+-------++-------
Melee: Short sword       |       |    48 |       ||    48
       Dagger            |       |    22 |    23 ||    45
 Fire: Shortbow          |   123 |   148 |    70 ||   341
Throw: Dart              |       |       |     3 ||     3
 Cast: Blink             |       |     4 |     2 ||     6
  Use: Scroll            |       |     3 |    10 ||    13
       Potion            |       |     1 |     2 ||     3
Armor: Leather armour    |     4 |       |       ||     4
       Chain mail        |    55 |     6 |       ||    61
       Ring mail         |       |    15 |       ||    15
       Scale mail        |       |    66 |    54 ||   120
Dodge: Dodged            |    32 |    80 |    49 ||   161
Block: Other             |    18 |    25 |    26 ||    69
       Reflection        |     1 |     1 |       ||     2

Table legend: (Time is in decaauts)
 A = Elapsed time spent in this place.
 B = Non-inter-level travel time spent in this place.
 C = Inter-level travel time spent in this place.
 D = Time resting spent in this place.
 E = Time spent auto-exploring this place.
 F = Levels seen in this place.
 G = Mean time per level.
                   A        B        C        D        E       F      G
               +--------+--------+--------+--------+--------+-----+--------+
         Total |   5168 |   4863 |    305 |    516 |   3282 |   7 |  738.3 |
       Dungeon |   4914 |   4609 |    305 |    516 |   3099 |   6 |  819.0 |
         Sewer |    254 |    254 |      0 |      0 |    183 |   1 |  254.0 |
               +--------+--------+--------+--------+--------+-----+--------+

Top non-repeatable levels by time:
     D:5: 1093 daAuts
     D:3: 1068 daAuts
     D:4: 1005 daAuts
     D:2: 754 daAuts
     D:1: 712 daAuts
     D:6: 279 daAuts
   Sewer: 254 daAuts
